 Dungeon Crawl Stone Soup version 0.31.0-11-ge490571c62 (webtiles) character file.

Game seed: 14671510814606755378

97 monsoonserge the Cudgeller (level 4, -2/38 HPs)
             Began as a Gnoll Reaver on Jan 31, 2024.
             Killed by nerve-wracking pain
             ... invoked by Grinder
              (12 damage)
             ... on level 3 of the Dungeon.
             The game lasted 00:04:48 (2129 turns).

monsoonserge the Cudgeller (Gnoll Reaver)           Turns: 2129, Time: 00:04:50

Health: -2/38      AC:  3    Str: 11    XL:     4   Next: 68%
Magic:  11/11      EV: 12    Int: 14    God:
Gold:   160        SH:  4    Dex: 11    Spells: 12/13 levels left

rFire   . . .        c - +0 mace (distort)
rCold   . . .        q - +0 buckler
rNeg    . . .        b - +0 leather armour
rPois   +            (no helmet)
rElec   .            (no cloak)
rCorr   .            (no gloves)
SInv    .            (no boots)
Will    .....        n - amulet of the acrobat
Stlth   +            r - ring of poison resistance
HPRegen 0.26/turn    (no ring)
MPRegen 0.12/turn

%: acrobat
@: no status effects
A: fangs 1, strong nose, distributed training
a: no special abilities


You were on level 3 of the Dungeon.
You visited 1 branch of the dungeon, and saw 3 of its levels.

You collected 160 gold pieces.

Inventory:

Hand Weapons
 c - a +0 mace of distortion (weapon)
 h - a +2 dagger of freezing
Missiles
 l - 4 boomerangs (quivered)
Armour
 b - a +0 leather armour (worn)
 m - the +1 leather armour of the Known World {rF- rN+ Will+ Stlth+}
   (You found it on level 2 of the Dungeon)

   rF-:       It makes you vulnerable to fire.
   rN+:       It protects you from negative energy.
   Will+:     It increases your willpower.
   Stlth+:    It makes you more stealthy.
 q - a +0 buckler (worn)
 v - a +0 scale mail
Jewellery
 n - an amulet of the acrobat (around neck)
 r - a ring of poison resistance (left hand)
 w - an amulet of magic regeneration
Wands
 s - a wand of polymorph (6)
Scrolls
 a - 2 scrolls of fear {unknown}
 d - a scroll of amnesia {unknown}
 e - 2 scrolls of acquirement {unknown}
 f - 3 scrolls of blinking {unknown}
 g - a scroll of teleportation {unknown}
 o - 3 scrolls of identify {unknown}
 u - a scroll of noise {unknown}
Potions
 i - a potion of degeneration {unknown}
 j - a potion of curing {unknown}
 k - a potion of lignification {unknown}
 p - 2 potions of might {unknown}
 t - 2 potions of mutation {unknown}
 x - a potion of haste {unknown}


   Skills:
 + Level 4.7 Fighting
 + Level 1.2 Short Blades
 + Level 1.2 Long Blades
 + Level 1.2 Axes
 + Level 6.6 Maces & Flails
 + Level 1.2 Polearms
 + Level 1.2 Staves
 + Level 1.2 Ranged Weapons
 + Level 1.2 Throwing
 + Level 1.2 Armour
 + Level 4.7 Dodging
 + Level 1.2 Stealth
 + Level 1.2 Shields
 + Level 1.2 Unarmed Combat
 + Level 5.1 Spellcasting
 + Level 5.5 Conjurations
 + Level 1.0 Hexes
 + Level 1.0 Summonings
 + Level 1.0 Necromancy
 + Level 1.0 Translocations
 + Level 1.0 Fire Magic
 + Level 1.0 Ice Magic
 + Level 1.0 Air Magic
 + Level 1.0 Earth Magic
 + Level 1.0 Alchemy
 + Level 1.4 Invocations
 + Level 1.2 Evocations
 + Level 1.1 Shapeshifting


You had 12 spell levels left.
You knew the following spells:

 Your Spells              Type           Power      Damage    Failure   Level
a - Kiss of Death         Conj/Necr      48%        2d9       9%          1

Your spell library contained the following spells:

 Spells                   Type           Power      Damage    Failure   Level
 Momentum Strike          Conj/Tloc      24%        3d8       13%         2
 Freeze                   Ice            24%        1d4       22%         1
 Hailstorm                Conj/Ice       12%        3d6       26%         3
 Frozen Ramparts          Ice            12%        1d2       54%         3
 Gell's Gravitas          Tloc           6%         N/A       54%         3
 Teleport Other           Tloc           6%         N/A       54%         3
 Dispersal                Tloc           3%         N/A       100%        6


Dungeon Overview and Level Annotations

Branches:
Dungeon (3/15)

Altars:
Nemelex Xobeh
Ru
Xom
Yredelemnul
Zin

Annotations:
D:3 Grinder


Innate Abilities, Weirdness & Mutations

You have very sharp teeth.
Your uncanny sense of smell can sniff out nearby items.
Your experience applies equally to all skills.


Message History

Grinder shouts!
Grinder blinks!
Grinder is nearby!
Unknown command.
Press: ? - help, v - describe, . - travel
Here: Grinder, carrying a wand of flame The floor.
Okay, then.
Unknown command.
Aiming: Polymorph
Press: ? - help, Shift-Dir - straight line, f - Grinder
Aim: Grinder, carrying a wand of flame (will become a chaos spawn, a lemure, or an ice devil, chance to affect: 51%)
Okay, then.
Unknown command.
Grinder zaps a wand.
The puff of flame misses you. Grinder gestures at you.
Pain shoots through your body!
You hit Grinder. You bite Grinder, but do no damage.
Grinder is lightly wounded.
Grinder hits you.
You writhe in agony.
You hit Grinder.
Grinder is lightly wounded.
Grinder blinks!
Grinder zaps a wand.
The puff of flame hits you!
You sock Grinder!
Space warps around Grinder.
Grinder is heavily wounded.
Grinder blinks!
You hit Grinder but do no damage.
Space warps around Grinder.
Grinder is heavily wounded.
Grinder hits you!
* * * LOW HITPOINT WARNING * * *
Grinder misses you.
Unknown command.
You hit Grinder.
Space warps around Grinder.
You bite Grinder, but do no damage.
Grinder is severely wounded.
Grinder gestures at you. Pain shoots through your body!
You die...
Grinder sighs, "Dead already?
I want a refund."

#..# #.#######.########....~ #..#
#.........# ####.. #..#
##########.# #.. #..# ...# #.#
#.# #..###.#.### #.# #.#
#####..#...#>..####.###########..
.......#.###.#..................#
...........#........#############
######.###.#._..@_...# ######.#
#......5....# .......#
##....8.....# ########
#....).....# ##._..._...#
#........## ###......# ########


You could see Grinder.

Vanquished Creatures
  3 adders (D:2)
  3 dart slugs
  An orc (D:3)
  6 endoplasms
  3 giant cockroaches
  6 goblins
  12 hobgoblins
  4 jackals (D:1)
  2 quokkas
  3 ball pythons
  4 bats
  A frilled lizard (D:1)
  3 kobolds
  3 rats (D:1)
54 creatures vanquished.

Notes
Turn   | Place    | Note
-------+----------+-------------------------------------------
     0 | D:1      | monsoonserge the Gnoll Reaver began the quest for the Orb.
     0 | D:1      | Reached XP level 1. HP: 20/20 MP: 6/6
    32 | D:1      | Reached XP level 2. HP: 26/26 MP: 7/7
   198 | D:1      | Reached skill level 5 in Spellcasting
   198 | D:1      | Reached XP level 3. HP: 26/31 MP: 7/9
   398 | D:1      | Reached skill level 1 in Invocations
   672 | D:2      | Reached skill level 1 in Short Blades
   672 | D:2      | Reached skill level 1 in Long Blades
   672 | D:2      | Reached skill level 1 in Axes
   672 | D:2      | Reached skill level 1 in Polearms
   672 | D:2      | Reached skill level 1 in Staves
   672 | D:2      | Reached skill level 1 in Ranged Weapons
   672 | D:2      | Reached skill level 1 in Throwing
   672 | D:2      | Reached skill level 1 in Armour
   672 | D:2      | Reached skill level 1 in Stealth
   672 | D:2      | Reached skill level 1 in Shields
   672 | D:2      | Reached skill level 1 in Unarmed Combat
   672 | D:2      | Reached skill level 1 in Evocations
   797 | D:2      | Reached skill level 1 in Shapeshifting
   797 | D:2      | Reached XP level 4. HP: 38/38 MP: 11/11
   824 | D:2      | Identified the +1 leather armour of the Known World {rF-
                  | rN+ Will+ Stlth+}
   875 | D:2      | Reached skill level 1 in Hexes
   875 | D:2      | Reached skill level 1 in Summonings
   875 | D:2      | Reached skill level 1 in Necromancy
   875 | D:2      | Reached skill level 1 in Translocations
   875 | D:2      | Reached skill level 1 in Fire Magic
   875 | D:2      | Reached skill level 1 in Ice Magic
   875 | D:2      | Reached skill level 1 in Air Magic
   875 | D:2      | Reached skill level 1 in Earth Magic
   875 | D:2      | Reached skill level 1 in Alchemy
  1360 | D:3      | Found a sacrificial altar of Ru.
  1362 | D:3      | Found a shimmering altar of Xom.
  1363 | D:3      | Found a glowing silver altar of Zin.
  1363 | D:3      | Found a sparkling altar of Nemelex Xobeh.
  1395 | D:3      | Noticed Grinder
  1734 | D:3      | Found a basalt altar of Yredelemnul.
  2129 | D:3      | Killed from afar by Grinder

Illustrated notes

Levels and vault maps discovered:
D:1:      reono_arrival_mine, layout_basic
D:2:      layout_loops_ring
D:3:      layout_loops_ring, mainiacjoe_overflow_cross_hatched,
          grunt_temple_overflow_open, chequers_big_river, uniq_grinder

Skill      XL: |  1  2  3  4 |
---------------+-------------+-----
Spellcasting   | 5 |  5.1
Invocations    | 1 |  1.4
Short Blades   | 1 |  1.2
Long Blades    | 1 |  1.2
Axes           | 1 |  1.2
Polearms       | 1 |  1.2
Staves         | 1 |  1.2
Ranged Weapons | 1 |  1.2
Throwing       | 1 |  1.2
Armour         | 1 |  1.2
Stealth        | 1 |  1.2
Shields        | 1 |  1.2
Unarmed Combat | 1 |  1.2
Evocations     | 1 |  1.2
Shapeshifting  | 1 |  1.1
Hexes          | 1 |  1.0
Summonings     | 1 |  1.0
Necromancy     | 1 |  1.0
Translocations | 1 |  1.0
Fire Magic     | 1 |  1.0
Ice Magic      | 1 |  1.0
Air Magic      | 1 |  1.0
Earth Magic    | 1 |  1.0
Alchemy        | 1 |  1.0
Fighting       | |  4.7
Maces & Flails | |  6.6
Dodging        | |  4.7
Conjurations   | |  5.5

Action                     |  1- 3 |  4- 6 || total
---------------------------+-------+-------++-------
  Melee: Mace              |    90 |    46 ||   136
         Bite              |     3 |     5 ||     8
   Stab: Sleeping          |     2 |       ||     2
 Armour: Leather armour    |    55 |    25 ||    80
  Dodge: Dodged            |    63 |    26 ||    89
  Block: Buckler           |       |     1 ||     1
